 Dungeon Crawl Stone Soup version 0.27.1-3-gb3d3a73c9e (webtiles) character file.

Game seed: 9950974037769857403

2 Descartes the Skirmisher (level 1, -1/10 HPs)
             Began as a Felid Wanderer on Oct 16, 2021.
             Slain by a jackal (2 damage)
             ... on level 1 of the Dungeon.
             The game lasted 00:00:39 (71 turns).

Descartes the Skirmisher (Felid Wanderer)             Turns: 71, Time: 00:00:39

Health: -1/10      AC:  1    Str:  8    XL:     1   Next: 25%
Magic:  5/5        EV: 15    Int: 13    God:
Gold:   0          SH:  0    Dex: 15    Spells: 5/6 levels left
                                        Lives:  0   Deaths: 0

rFire    . . .     SeeInvis +   (weapon unavailable)
rCold    . . .     Faith    .   (shield unavailable)
rNeg     . . .     Spirit   .   (armour unavailable)
rPois    .         Reflect  .   (helmet unavailable)
rElec    .         Harm     .   (cloak unavailable)
rCorr    .         Rampage  .   (gloves unavailable)
Will     .....                  (boots unavailable)
Stlth    ++........             (no amulet)
HPRegen  0.03/turn              (no ring)
MPRegen  0.09/turn              (no ring)

@: quick
A: very small, claws 1, fangs 3, see invisible, speed 1, shaggy fur 1, stealthy
paws, no weapons or thrown items, no armour, multi-lived
a: no special abilities


You were on level 1 of the Dungeon.
You visited 1 branch of the dungeon, and saw 1 of its levels.

You aren't carrying anything.


   Skills:
 - Level 3.0 Fighting
 + Level 0.3 Dodging
 + Level 1.5 Stealth
 + Level 0.1 Unarmed Combat
 - Level 3.0 Spellcasting
 - Level 1.5 Hexes
 - Level 1.0 Summonings
 + Level 0.1 Earth Magic
 - Level 1.1 Evocations


You had 5 spell levels left.
You knew the following spells:

 Your Spells              Type           Power      Damage    Failure   Level
a - Sandblast             Erth           4%         2d4       22%         1

Your spell library contained the following spells:

 Spells                   Type           Power      Damage    Failure   Level
 Summon Small Mammal      Summ           16%        N/A       16%         1
 Summon Guardian Golem    Hex/Summ       5%         N/A       38%         3
 Stone Arrow              Conj/Erth      4%         3d7       56%         3


Dungeon Overview and Level Annotations

Branches:
Dungeon (1/15)

Altars:


Innate Abilities, Weirdness & Mutations

You have sharp claws.
You have razor-sharp teeth.
You have supernaturally acute eyesight. (SInv)
You cover ground quickly. (Speed+)
You are covered in fur. (AC +1)
Your paws help you pounce on unaware monsters.
You are incapable of wielding weapons or throwing items.
You cannot wear armour.
You gain extra lives every three experience levels.


Message History

You are too injured to fight recklessly!
The jackal barely misses you.
A goblin comes into view.
It is wielding a +1 dagger of protection.
The jackal bites you.
* * * LOW HITPOINT WARNING * * *
The jackal misses you. The jackal bites you.
* * * LOW HITPOINT WARNING * * *
You scratch the jackal.
The jackal is heavily wounded.
The jackal barely misses you.
You scratch the jackal.
You kill the jackal!
The bat closely misses you.
You closely miss the bat. The bat hits you but does no damage.
You scratch the bat but do no damage. Your bite misses the bat.
The bat barely misses you. The bat closely misses you.
You barely miss the bat. The bat hits you but does no damage.
The bat closely misses you.
You completely miss the bat. The bat hits you.
* * * LOW HITPOINT WARNING * * *
You scratch the bat.
The bat is moderately wounded.
The bat misses you. The bat hits you but does no damage.
The bat hits you but does no damage. The bat closely misses you.
The bat closely misses you. The bat closely misses you.
You scratch the bat.
You kill the bat!
You scratch the jackal but do no damage.
The jackal is heavily wounded.
The jackal closely misses you. x2
You barely miss the jackal.
The jackal is heavily wounded.
The jackal misses you.
You scratch the jackal.
The jackal is severely wounded.
The jackal misses you. The jackal bites you.
You die...

#######
#...'<#
#@#.#.#
#h#.#.#
#h#.#.#
#g#.#.#
#.#.#.#
#.#.#.#
#.#.#.#
#.# #.#


You could see 2 jackals and a hobgoblin.

Vanquished Creatures
  A jackal (D:1)
  A bat (D:1)
2 creatures vanquished.

Notes
Turn   | Place    | Note
-------+----------+-------------------------------------------
     0 | D:1      | Descartes the Felid Wanderer began the quest for the Orb.
     0 | D:1      | Descartes set off with the following items: ; and the
                  | following spells available to memorise: Summon Small
                  | Mammal, Sandblast, Summon Guardian Golem, Stone Arrow
     0 | D:1      | Reached XP level 1. HP: 10/10 MP: 5/5
     2 | D:1      | Learned a level 1 spell: Sandblast
    71 | D:1      | Slain by a jackal

Illustrated notes

Levels and vault maps discovered:
D:1:      wheals_arrival_linesprint, layout_basic

Action                   || total
-------------------------++-------
Melee: Unarmed           ||    15
Armor: Skin              ||     4
Dodge: Dodged            ||    29
